AoeStats
← drakilouxD

Golden Pit

510084446Analyzed
1v1 RM · 4d ago on Sep 29, 2026· 47m 32s· 2 players
Game mode
Random Map
Map size
Tiny (2 player)
Population
200
Speed
Normal
Resources
Standard
Victory
Conquest
Starting age
Dark Age
Ending age
Imperial Age
RankedLock teamsTeams togetherTeam positionsShared explorationLock speedFull tech treeHidden civsTurbo modeCheats
Victory
Defeat
🇨🇳 Chinese · China
970
+17
🇫🇷 Varangians · France
992
-17
大清第一巴图鲁
0:36 Loom
11:11 Feudal Age
15:42 Double-Bit Axe
20:26 Castle Age
18:22 Horse Collar
18:36 Stone Mining
23:11 Bow Saw
23:09 Gold Mining
25:30 Heavy Plow
28:28 Wheelbarrow
28:34 Gold Shaft Mining
28:31 Fletching
29:10 Town Watch
34:14 Imperial Age
36:01 Stone Shaft Mining
36:00 Padded Archer Armor
35:56 Bodkin Arrow
39:26 Hand Cart
42:37 Two-Man Saw
43:06 Ballistics
44:35 Conscription
45:15 Thumb Ring
45:28 Leather Archer Armor
47:24 Elite Chu Ko Nu
drakilouxD
10:58 Feudal Age
15:40 Castle Age
14:38 Double-Bit Axe
15:12 Loom
26:48 Bow Saw
31:54 Ballistics
33:35 Forging
40:51 Imperial Age
39:01 Elite Skirmisher
43:10 Iron Casting
42:36 Scale Mail Armor
42:28 Fletching
42:51 Gold Mining
42:27 Capped Ram
44:48 Two-Man Saw
45:57 Husbandry
46:13 Husbandry
46:26 Bloodlines
46:17 Husbandry
47:39 Scale Barding Armor
Connection lost

Rejoining the realm…

Still unreachable

The connection could not be restored.

Session expired

The server has moved on; the page needs a fresh start.